 Dungeon Crawl Stone Soup version 0.29.1-2-gbd0b4ee654 (webtiles) character file.

Game seed: 6499612808394309631

258 Haldmier the Cudgeller (level 5, -1/35 (40) HPs)
             Began as a Demigod Artificer on Nov 28, 2022.
             Slain by a mummy (8 damage)
             ... in an ossuary.
             The game lasted 00:17:08 (5057 turns).

Haldmier the Cudgeller (Demigod Artificer)          Turns: 5057, Time: 00:17:09

HP:   -1/35 (40)    AC: 10    Str: 17    XL:     5   Next: 62%
MP:   7/7           EV: 11    Int: 13    God:
Gold: 149           SH:  0    Dex: 14    Spells: 4/4 levels left

rFire   . . .      SeeInvis .   z - +0 flail
rCold   . . .      Faith    .   (no shield)
rNeg    . . .      Spirit   .   b - +0 leather armour
rPois   .          Reflect  .   y - +2 helmet
rElec   .          Harm     .   (no cloak)
rCorr   .          Rampage  .   (no gloves)
Will    .....                   (no boots)
Stlth   +.........              h - amulet of the acrobat
HPRegen 0.11/turn               j - +4 ring of protection
MPRegen 0.10/turn               (no ring)

@: heavily drained
A: high MP 1, forlorn, divine attributes
a: no special abilities


You were in an ossuary.
You visited 1 branch of the dungeon, and saw 4 of its levels.
You also visited: Ossuary.

You collected 149 gold pieces.

Inventory:

Hand Weapons
 k - a +0 dagger of venom
 n - a +0 whip
 r - a +0 sling
 x - a +0 hand axe of freezing
 z - a +0 flail (weapon)
Missiles
 g - 3 boomerangs (quivered)
Armour
 b - a +0 leather armour (worn)
 q - a +0 helmet
 w - a +0 chain mail
 y - a +2 helmet (worn)
Jewellery
 h - an amulet of the acrobat (around neck)
 j - a +4 ring of protection (left hand)
Wands
 c - a wand of flame (22)
 d - a wand of charming (15)
 e - a wand of iceblast (5)
Scrolls
 a - a scroll of poison {unknown}
 i - a scroll of magic mapping {unknown}
 m - 2 scrolls of teleportation {unknown}
 s - a scroll of enchant armour {unknown}
 u - a scroll of vulnerability {unknown}
 v - a scroll of enchant weapon {unknown}
Potions
 f - 2 potions of curing {unknown}
 l - a potion of might {unknown}
 o - 2 potions of lignification {unknown}
 p - 2 potions of brilliance
 t - a potion of magic


   Skills:
 - Level 1.2 Fighting
 * Level 4.7 Maces & Flails
 - Level 2.0 Armour
 - Level 1.2 Dodging
 - Level 1.0 Stealth
 - Level 3.0 Evocations


You had 4 spell levels left.
You didn't know any spells.
Your spell library was empty.

Dungeon Overview and Level Annotations

Branches:
Dungeon (4/15)            Ossuary (1/1)
 Temple: D:4-7

Shops:
D:1 (=((


Innate Abilities, Weirdness & Mutations

You have an increased reservoir of magic. (+10% MP)
You shall have no god before yourself.
Your divine heritage dramatically boosts your attributes as you level up.


Message History

You destroy the gnoll zombie!
There is an open door here.
Found a scroll of noise and 2 scrolls labelled YPLECOUSOR.
Found a scroll labelled YPLECOUSOR and 2 scrolls of identify.
Found 2 blue potions and a scroll of noise.
Throw: 3 boomerangs
Press: ? - help, Q - select action, (/) - cycle Shift-Dir - straight line, f - mummy
Aim: a mummy (wandering, hasn't noticed you, 73% to hit)
You throw a boomerang.
The boomerang hits the mummy but does no damage.
There is an open door here.
You hit the mummy.
The mummy is lightly damaged.
You barely miss the mummy.
The mummy is lightly damaged.
The mummy hits you but does no damage.
You barely miss the mummy.
The mummy is lightly damaged.
The mummy hits you but does no damage.
You barely miss the mummy.
The mummy is lightly damaged.
You hit the mummy.
The mummy is moderately damaged.
The mummy hits you!
You closely miss the mummy.
The mummy is moderately damaged.
The mummy hits you.
You hit the mummy.
The mummy is severely damaged.
You hit the mummy but do no damage.
The mummy is severely damaged.
The mummy hits you!
You hit the mummy.
The mummy is almost destroyed.
The mummy hits you.
* * * LOW HITPOINT WARNING * * *
You hit the mummy but do no damage.
The mummy is almost destroyed.
The mummy hits you!
You die...

###########################
#.#.#.##...........##.#.#.#
#'#'#'#.............#'#'#'#
#..........8...8..........#
#...........@.............#
#'#'#########M#########+#'#
#.##.##8.'.......'.8##.##.#
#..##.##8#.......#8##.##..#
#...##.###.......# #^##...#
#....##.##.......##.##....#
#.....##.#.......#.##.....#
#......'.#...8...#.'......#
#.....##.#.......#.##.....#


You could see a mummy.

Vanquished Creatures
  A scorpion (D:4)
  Natasha (thrice) (D:2)
  Robin (D:2)
  2 adders
  4 spectral bats (Ossuary)
  4 bats
  4 bat simulacra (Ossuary)
  5 endoplasms
  A giant cockroach (D:3)
  12 gnoll zombies (Ossuary)
  13 goblins
  4 hobgoblins
  3 kobolds
  2 quokkas
  A ball python (D:3)
  5 goblin zombies (Ossuary)
  4 hobgoblin zombies (Ossuary)
  5 kobold simulacra (Ossuary)
  3 kobold zombies (Ossuary)
  6 orc zombies (Ossuary)
  3 rats
  4 rat simulacra (Ossuary)
  4 spectral goblins (Ossuary)
  3 spectral kobolds (Ossuary)
  4 spectral rats (Ossuary)
101 creatures vanquished.

Notes
Turn   | Place    | Note
-------+----------+-------------------------------------------
     0 | D:1      | Haldmier the Demigod Artificer began the quest for the Orb.
     0 | D:1      | Reached XP level 1. HP: 15/15 MP: 3/3
    76 | D:1      | Reached skill level 1 in Fighting
    76 | D:1      | Reached skill level 1 in Dodging
    76 | D:1      | Reached skill level 1 in Stealth
    89 | D:1      | Found Fuexeak's Antique Weapon Shoppe.
   229 | D:1      | Found Qeevuu's Jewellery Shoppe.
   357 | D:1      | Reached XP level 2. HP: 17/23 MP: 4/4
   799 | D:1      | Found Kukiegur's Antique Weapon Boutique.
   926 | D:1      | Found Riak's Antique Weapon Boutique.
  1143 | D:2      | Noticed Robin
  1447 | D:2      | Reached skill level 1 in Maces & Flails
  1472 | D:2      | Reached XP level 3. HP: 28/28 MP: 5/5
  1712 | D:2      | Killed Robin
  1827 | D:2      | Reached skill level 2 in Maces & Flails
  1969 | D:2      | Noticed Natasha
  1988 | D:2      | Killed Natasha
  2381 | D:2      | Noticed Natasha
  2388 | D:2      | Killed Natasha
  2389 | D:2      | Reached skill level 3 in Maces & Flails
  2389 | D:2      | Reached XP level 4. HP: 33/35 MP: 6/6
  2700 | D:2      | Noticed Natasha
  2712 | D:2      | Killed Natasha
  4254 | D:4      | Reached skill level 4 in Maces & Flails
  4254 | D:4      | Reached XP level 5. HP: 27/40 MP: 7/7
  4394 | D:4      | Found a sand-covered staircase.
  4420 | Ossuary  | Entered an ossuary
  5057 | Ossuary  | Slain by a mummy

Illustrated notes

Levels and vault maps discovered:
D:1:      matt_arrival_diagonals, layout_basic,
          chequers_ecumenical_altar_simple_redux, serial_shops,
          nicolae_shop_crystal, shop, shop, nicolae_shop_statue_plus
D:2:      layout_loops_ring, minmay_misc_feat_tower, uniq_natasha, uniq_robin
D:3:      layout_loops_ring, minitemple, nicolae_overflow_crystal_walls
D:4:      layout_loops_corners, nicolae_ossuary_entry_ruins, serial_shops,
          kennysheep_little_box, nicolae_shop_trees, shop_fountains, shop
Ossuary:  ossuary_zaba_two_paths

Skill      XL: |  1  2  3  4 |
---------------+-------------+-----
Fighting       | 1 |  1.2
Dodging        | 1 |  1.2
Stealth        | 1 |  1.0
Armour         | 2 |  2.0
Evocations     | 3 |  3.0
Maces & Flails | 1 3 4 |  4.7

Action                   |  1- 3 |  4- 6 || total
-------------------------+-------+-------++-------
Melee: Dagger            |    93 |    30 ||   123
       Club              |     3 |       ||     3
       Rapier            |    38 |       ||    38
       Punch             |       |     2 ||     2
       Flail             |       |   195 ||   195
       Hand axe          |       |     4 ||     4
Throw: Boomerang         |    13 |     4 ||    17
Evoke: Wand              |     2 |       ||     2
  Use: Scroll            |       |     4 ||     4
 Stab: Sleeping          |       |     7 ||     7
       Distracted        |       |     1 ||     1
Armor: Leather armour    |    38 |    76 ||   114
Dodge: Dodged            |    66 |   131 ||   197
